 Dungeon Crawl Stone Soup version 0.31-a0-851-g7ff8af7976 (webtiles) character file.

Game seed: 1831838146351443385

97 BinkBink the Chopper (level 4, 0/41 HPs)
             Began as a Minotaur Monk on Oct 7, 2023.
             Slain by a kobold brigand
             ... wielding a +1 short sword of freezing
              (3 damage)
             ... in a sewer.
             The game lasted 00:03:02 (2030 turns).

BinkBink the Chopper (Minotaur Monk)                Turns: 2030, Time: 00:03:04

Health: 0/41       AC:  2    Str: 18    XL:     4   Next: 42%
Magic:  3/3        EV: 13    Int:  7    God:
Gold:   158        SH:  0    Dex: 12    Spells: 3/3 levels left

rFire   + . .        a - +0 hand axe
rCold   + . .        d - orb {light}
rNeg    . . .        b - +0 robe
rPois   .            (helmet restricted)
rElec   .            f - scarf {rC+ rF+}
rCorr   .            (no gloves)
SInv    .            (no boots)
Will    .....        (no amulet)
Stlth   +            (no ring)
HPRegen 0.26/turn    (no ring)
MPRegen 0.08/turn

%: no passive effects
@: glowing
A: horns 2, retaliatory headbutt
a: no special abilities


You were in a sewer.
You visited 1 branch of the dungeon, and saw 3 of its levels.
You also visited: Sewer.

You collected 158 gold pieces.

Inventory:

Hand Weapons
 a - a +0 hand axe (weapon)
Armour
 b - a +0 robe (worn)
 d - an orb of light (worn)
 f - a scarf of resistance (worn)
Scrolls
 e - a scroll of torment {unknown}
 h - a scroll of revelation {unknown}
 i - 5 scrolls of identify {unknown}
 j - a scroll of immolation {unknown}
 n - 2 scrolls of teleportation {unknown}
 o - a scroll of acquirement {unknown}
 p - a scroll of enchant armour {unknown}
 r - a scroll of brand weapon {unknown}
Potions
 c - a potion of ambrosia
 g - a potion of magic {unknown}
 k - 3 potions of curing {unknown}
 l - 2 potions of brilliance {unknown}
 m - 2 potions of might {unknown}
 q - a potion of cancellation {unknown}


   Skills:
 + Level 4.3 Fighting
 * Level 4.9 Axes
 + Level 1.9 Armour
 + Level 3.9 Dodging


You had 3 spell levels left.
You didn't know any spells.
Your spell library contained the following spells:

 Spells                   Type           Power      Damage    Failure   Level
 Ozocubu's Armour         Ice            0%         N/A       80%         3
 Metabolic Englaciation   Hex/Ice        0%         N/A       100%        5
 Simulacrum               Ice/Necr       0%         N/A       100%        6


Dungeon Overview and Level Annotations

Branches:
Dungeon (3/15)              Sewer (1/1)

Altars:
Uskayaw


Innate Abilities, Weirdness & Mutations

You have a pair of horns on your head.
You reflexively headbutt those who attack you in melee.


Message History

You feel sick.
You are no longer poisoned.
The adder bites you but does no damage.
You hit the adder.
The adder is severely wounded.
The adder misses you. You furiously retaliate!
You headbutt the adder.
You kill the adder!
The kobold brigand throws a poisoned dart.
The poisoned dart hits you!
You are poisoned.
You enter the shallow water.
Moving in this stuff is going to be slow.
You feel sick.
The kobold brigand throws a poisoned dart.
The poisoned dart misses you.
You feel sick.
You feel sick.
You feel sick.
You feel sick.
You feel sick.
You are no longer poisoned.
You enter the shallow water.
Moving in this stuff is going to be slow.
You start resting.
A kobold brigand is nearby!
You enter the shallow water.
Moving in this stuff is going to be slow.
You hit the kobold brigand.
The kobold brigand is lightly wounded.
You hit the kobold brigand.
The kobold brigand is lightly wounded.
The kobold brigand hits you with a +1 short sword of freezing.
You hit the kobold brigand but do no damage.
The kobold brigand is lightly wounded.
The kobold brigand hits you with a +1 short sword of freezing!
* * * LOW HITPOINT WARNING * * *
The kobold brigand freezes you.
* * * LOW HITPOINT WARNING * * *
The kobold brigand hits you with a +1 short sword of freezing.
You die...

#~~~..~.~.~.~...
#~..~.~.....~~.~
#~~~~.~.∩.∩.~~~.
#.~~.~.......~.~
##~~.....~.~~...~ #####
##~~~.~~~..~.~~~~.
~~~~####K.~.##...~~~..~##
#~~~~..~.####K~~~.~~##
#~~~~~~~.# ##@..~.~~#
~###~~~~.~~## #..~~~.~..#
~~..~########~~.~.~~.~.~.
.##### #~.~~~#####..
#.~.~## #. #..~## #...
#~.. #.~~


You could see a kobold brigand.

Vanquished Creatures
  5 adders
  A river rat (D:3)
  An orc (D:3)
  4 ball pythons
  3 endoplasms
  3 giant cockroaches
  5 goblins
  4 hobgoblins
  3 jackals (D:3)
  3 quokkas (D:3)
  4 frilled lizards
  2 kobolds (D:3)
  3 rats
41 creatures vanquished.

Notes
Turn   | Place    | Note
-------+----------+-------------------------------------------
     0 | D:1      | BinkBink the Minotaur Monk began the quest for the Orb.
     0 | D:1      | Reached XP level 1. HP: 19/19 MP: 0/0
   368 | D:1      | Reached XP level 2. HP: 24/27 MP: 1/1
   982 | D:2      | Reached skill level 1 in Armour
  1646 | D:3      | Reached XP level 3. HP: 29/33 MP: 2/2
  1709 | D:3      | Found a hide-covered altar of Uskayaw.
  1862 | D:3      | Reached XP level 4. HP: 32/40 MP: 3/3
  1929 | D:3      | Found a glowing drain.
  1935 | Sewer    | Entered a sewer
  2002 | Sewer    | Noticed a kobold brigand
  2030 | Sewer    | Slain by a kobold brigand

Illustrated notes

Levels and vault maps discovered:
D:1:      wander_arrival_abandoned_jail, layout_basic
D:2:      layout_loops_corners
D:3:      layout_basic, mainiacjoe_overflow_paths, gup_sewer_entry_bubbles,
          st_stairs_11
Sewer:    sewer_co_tree

Skill      XL: |  1  2 |
---------------+-------+-----
Axes           | 4 |  4.9
Armour         | 1 |  1.9
Fighting       | 4 |  4.3
Dodging        | |  3.9

Action                     |  1- 3 |  4- 6 || total
---------------------------+-------+-------++-------
  Melee: Hand axe          |    76 |    20 ||    96
         Headbutt          |    13 |     2 ||    15
 Armour: Robe              |    28 |    17 ||    45
  Dodge: Dodged            |    51 |    24 ||    75

Table legend: (Time is in decaauts)
 A = Elapsed time spent in this place.
 B = Non-inter-level travel time spent in this place.
 C = Inter-level travel time spent in this place.
 D = Time resting spent in this place.
 E = Time spent auto-exploring this place.
 F = Levels seen in this place.
 G = Mean time per level.
                   A        B        C        D        E       F      G
               +--------+--------+--------+--------+--------+-----+--------+
         Total |   2064 |   2032 |     32 |     44 |   1554 |   4 |  516.0 |
       Dungeon |   1958 |   1926 |     32 |     41 |   1483 |   3 |  652.7 |
         Sewer |    105 |    105 |      0 |      3 |     71 |   1 |  105.0 |
               +--------+--------+--------+--------+--------+-----+--------+

Top non-repeatable levels by time:
     D:2: 832 daAuts
     D:1: 814 daAuts
     D:3: 312 daAuts
   Sewer: 105 daAuts
